 Dungeon Crawl Stone Soup version 0.20-a0-926-g560771d (webtiles) character file.

1352 Rrauwl the Skirmisher (level 8, -5/58 HPs)
             Began as a Barachi Hunter on Mar 28, 2017.
             Was an Initiate of Hepliaklqana.
             Slain by an orc warrior
             ... wielding a +0 long sword
              (14 damage)
             ... on level 7 of the Dungeon.
             The game lasted 00:22:33 (4200 turns).

Rrauwl the Skirmisher (Barachi Hunter)              Turns: 4200, Time: 00:22:34

Health: -5/58      AC: 11    Str: 14    XL:     8   Next: 63%
Magic:  8/8        EV: 12    Int: 13    God:    Hepliaklqana [......]
Gold:   190        SH:  0    Dex: 15    Spells: 6/7 levels left

rFire    . . .     SeeInvis .   b - +2 short sword (speed)
rCold    . . .     Gourm    .   (no shield)
rNeg     + . .     Faith    .   q - +3 scale mail {rPois}
rPois    +         Spirit   .   (helmet restricted)
rElec    .         Reflect  .   p - +0 cloak
rCorr    .         Harm     +   (no gloves)
MR       +....     Clarity  +   (no boots)
Stlth    ..........             k - amulet of harm
Regen    0.2/turn               g - ring of positive energy
MPRegen  0.2/turn               c - +2 ring of dexterity

@: slow
A: +LOS, swims, reduced essence, horns 1, talons 1, clarity, magic resistance 1,
slowness 1, strong legs 1
a: Hop, Recall Ancestor, Ancestor Identity, Renounce Religion


You were on level 7 of the Dungeon.
You worshipped Hepliaklqana.
Hepliaklqana was noncommittal.
You were not hungry.

You visited 2 branches of the dungeon, and saw 6 of its levels.
You also visited: Ossuary.

You collected 190 gold pieces.

Inventory:

Hand Weapons
 a - a +2 hand crossbow
 b - a +2 short sword of speed (weapon)
 x - a +0 shortbow
Missiles
 d - 2 bolts
 m - 44 arrows
Armour
 p - a +0 cloak (worn)
 q - a +3 scale mail of poison resistance (worn)
Jewellery
 c - a +2 ring of dexterity (right hand)
 g - a ring of positive energy (left hand)
 k - an amulet of harm (around neck)
Wands
 v - a wand of confusion (36/48)
 C - a wand of flame (22/48)
Scrolls
 e - 7 scrolls of identify
 i - 2 scrolls of recharging
 j - 5 scrolls of remove curse
 l - a scroll of enchant weapon
 s - a scroll of magic mapping
 u - 4 scrolls of teleportation
 w - a scroll of amnesia
 B - a scroll of fear
Potions
 r - 2 potions of curing
Books
 o - a book of Cantrips

   Spells                             Type                      Level
   a - Confusing Touch                Hexes                        1
   b - Animate Skeleton               Necromancy                   1
   c - Summon Small Mammal            Summoning                    1
   d - Apportation                    Translocation                1
 y - a book of Callings

   Spells                             Type                      Level
   a - Summon Small Mammal            Summoning                    1
   b - Call Imp                       Summoning                    2
   c - Call Canine Familiar           Summoning                    3
   d - Summon Guardian Golem          Hexes/Summoning              3
   e - Summon Lightning Spire         Summoning/Air                4
   f - Summon Ice Beast               Ice/Summoning                4
Comestibles
 f - 2 bread rations
 h - 4 meat rations
 t - a royal jelly
 z - 6 chunks of flesh


   Skills:
 + Level 6.6 Fighting
 + Level 6.6 Crossbows
 + Level 5.9 Armour
 + Level 5.7 Dodging
 - Level 1.0 Stealth


You had 6 spell levels left.
You knew the following spells:

 Your Spells              Type           Power        Failure   Level  Hunger
a - Apportation           Tloc           #.....       92%         1    ##.....


Dungeon Overview and Level Annotations

Branches:
Dungeon (7/15)             Temple (1/1) D:7

Altars:
Dithmenos
Hepliaklqana
Kikubaaqudgha
Okawaru
Qazlal
Ru
Vehumet
Wu Jian
The Shining One


Innate Abilities, Weirdness & Mutations

Shadows flee at your approach. (+LOS)
You can swim through water.
You cover ground slowly.
You can hop short distances.
Your life essence is reduced. (-10% HP)
You have a pair of small horns on your head.
You have sharp toenails.
You possess an exceptional clarity of mind.
You are resistant to hostile enchantments. (MR+)


Message History

An orc warrior is nearby!
Rick hits the orc warrior but does no damage.
Rick hits the orc warrior but does no damage.
Rick barely misses the orc warrior.
The orc warrior barely misses Rick.
Rick hits the orc warrior.
Rick barely misses the orc warrior.
You feel less wooden.
Your +0 cloak unmelds from your body.
Your +3 scale mail of poison resistance unmelds from your body.
You feel resistant to poison.
You hit the orc warrior.
The orc warrior is moderately wounded.
Rick hits the orc warrior.
You hit the orc warrior.
You claw the orc warrior, but do no damage.
The orc warrior is moderately wounded.
Rick hits the orc warrior but does no damage.
The orc warrior seems less confused.
The orc warrior hits you with a long sword!
You die...

. ..... ...... .. .....
...... ... ....###..... ....
#.#........ ###
...$.####.#......# ...
(.........#..(...# ...
.(.(......#......# #...
#..o((o(.#......# #.. #...
#....o..(#(@o...#####...#...
#........)..R..(##......#...
....#######......##......#...
... ########.#..........##..
.. ##...................##..
.........................
#.......................
......
########...............#
..... #...#...........#


You could see the friendly Rick the ancestor and an orc warrior.

Vanquished Creatures
  A wraith (Ossuary)
  A hungry ghost (D:7)
  2 ogres
  2 centaurs (D:7)
  An elf zombie (Ossuary)
  A bullfrog (D:7)
  A hound (D:7)
  5 orc priests
  2 worker ants (D:7)
  An iguana (D:7)
  3 mummies (Ossuary)
  A howler monkey zombie (D:7)
  2 worker ant zombies (D:7)
  2 gnolls (D:7)
  10 adders
  An adder skeleton (D:4)
  3 worms
  3 dart slugs
  A leopard gecko (D:3)
  8 orcs
  A ball python (D:1)
  A bat (D:1)
  2 giant cockroaches
  9 goblins
  7 hobgoblins
  7 jackals
  8 kobolds
  3 quokkas
  5 frilled lizards
  A gnoll zombie (Ossuary)
  5 goblin zombies (Ossuary)
  5 kobold zombies (Ossuary)
  An orc zombie (Ossuary)
  2 quokka zombies (D:4)
  12 rats
120 creatures vanquished.

Vanquished Creatures (collateral kills)
  A crimson imp (D:7)
  An orc wizard (D:7)
  A gnoll (D:7)
  An adder (D:7)
  An orc (D:7)
5 creatures vanquished.

Vanquished Creatures (others)
  An ancestor (D:7)
1 creature vanquished.

Grand Total: 126 creatures vanquished

Notes
Turn   | Place    | Note
-------+----------+-------------------------------------------
     0 | D:1      | Rrauwl the Barachi Hunter began the quest for the Orb.
     0 | D:1      | Reached XP level 1. HP: 17/17 MP: 1/1
   172 | D:1      | Reached XP level 2. HP: 20/23 MP: 2/2
   232 | D:1      | Reached skill level 1 in Stealth
   360 | D:1      | Reached skill level 1 in Armour
  1042 | D:2      | Reached XP level 3. HP: 28/28 MP: 3/3
  1150 | D:2      | Reached XP level 4. HP: 33/35 MP: 4/4
  1321 | D:2      | Gained mutation: You are dopey. (Int -2) [potion of mutation]
  1321 | D:2      | Gained mutation: You have large cloven feet. [potion of mutation]
  1714 | D:3      | Reached XP level 5. HP: 42/42 MP: 5/5
  2275 | D:3      | Reached skill level 5 in Crossbows
  2320 | D:4      | Noticed an angel
  2330 | D:4      | Noticed an ogre
  2337 | D:4      | Reached XP level 6. HP: 27/48 MP: 6/6
  2389 | D:4      | Found a sand-covered staircase.
  2413 | Ossuary  | Entered an ossuary
  2413 | Ossuary  | Noticed a wraith
  2413 | Ossuary  | Noticed a wraith
  2413 | Ossuary  | Noticed a wraith
  2928 | Ossuary  | Noticed a wraith
  2963 | Ossuary  | Killed a wraith
  2963 | Ossuary  | Reached skill level 5 in Fighting
  2963 | Ossuary  | Reached XP level 7. HP: 25/56 MP: 7/7
  3227 | Ossuary  | Lost mutation: You are dopey. (Int -2) [potion of mutation]
  3227 | Ossuary  | Lost mutation: You have large cloven feet. [potion of mutation]
  3227 | Ossuary  | Gained mutation: You are resistant to hostile enchantments. (MR+) [potion of mutation]
  3227 | Ossuary  | Gained mutation: You have a pair of small horns on your head. [potion of mutation]
  3227 | Ossuary  | Gained mutation: You possess an exceptional clarity of mind. [potion of mutation]
  3227 | Ossuary  | Gained mutation: You have sharp toenails. [potion of mutation]
  3338 | D:4      | Learned a level 1 spell: Apportation
  3361 | D:4      | You fall through a shaft for 3 floors!
  3361 | D:7      | Found a staircase to the Ecumenical Temple.
  3366 | Temple   | Entered the Ecumenical Temple
  3493 | Temple   | Became a worshipper of Hepliaklqana the Forgotten
  3552 | D:7      | Noticed a hungry ghost
  3569 | D:7      | Killed a hungry ghost
  3569 | D:7      | Reached skill level 5 in Armour
  3569 | D:7      | Reached skill level 5 in Dodging
  3569 | D:7      | Reached XP level 8. HP: 50/57 MP: 8/8
  4200 | D:7      | Slain by an orc warrior

Vault maps used:
D:1:      dpeg_arrival_circle_labyrinth_c, hex_medium
D:2:      first_bread, minmay_rat_gold_closets
D:4:      grunt_temple_overflow_order_and_chaos_1,
          gammafunk_temple_overflow_elements, enter_ossuary_4, item_on_display_a
D:7:      temple_statues, grunt_livestock
Temple:   nicolae_temple_figure_zero
Ossuary:  ossuary_kennysheep_city_of_the_dead

Skill      XL: |  1  2  3  4  5  6  7  8 |
---------------+-------------------------+-----
Stealth        | 1 |  1.0
Armour         | 1 2 3 4 5 |  5.9
Fighting       | 3 4 5 6 |  6.6
Dodging        | 3 4 5 |  5.7
Crossbows      | 5 6 |  6.6

Action                   |  1- 3 |  4- 6 |  7- 9 || total
-------------------------+-------+-------+-------++-------
Melee: Short sword       |       |   181 |   128 ||   309
       Kick              |       |    64 |    28 ||    92
       Headbutt          |       |       |    15 ||    15
 Fire: Hand crossbow     |    56 |    72 |     7 ||   135
Throw: Tomahawk          |       |       |     9 ||     9
Invok: Ancestor Identity |       |       |     1 ||     1
 Abil: Hop               |       |     1 |     3 ||     4
Evoke: Wand              |       |       |     9 ||     9
  Use: Potion            |       |     6 |     4 ||    10
       Scroll            |       |     9 |     2 ||    11
 Stab: Distracted        |       |       |     1 ||     1
  Eat: Chunk             |     1 |     5 |     5 ||    11
       Royal jelly       |       |     1 |     1 ||     2
Armor: Leather armour    |     4 |       |       ||     4
       Scale mail        |       |    54 |    32 ||    86
       Skin              |       |       |    27 ||    27
Dodge: Dodged            |     9 |    60 |    48 ||   117
